 Dungeon Crawl Stone Soup version 0.29.1-13-g9f3cf754e1 (console) character file.

Game seed: 6937356012585998579

368230 om the Acrobat (level 23, -39/211 HPs)
             Began as a Djinni Fire Elementalist on Feb 8, 2023.
             Was a High Priest of Ashenzari.
             Killed from afar by an ancient lich (59 damage)
             ... with a crystal spear
             ... on level 4 of the Vaults on Feb 9, 2023.
             The game lasted 04:35:52 (77384 turns).

om the Acrobat (Djinni Fire Elementalist)          Turns: 77384, Time: 04:35:54

Health: -39/211    AC: 35    Str:  7    XL:     23   Next: 65%
Gold:   2309       EV: 31    Int: 20    God:    Ashenzari [*****.] SH: 16 Dex: 20

rFire   + + .      SeeInvis +   b - +7 sling {vorpal, Range, Evo} (curse)
rCold   x . .      Faith    .   I - +3 buckler of the Pangnostic Disgust {rN+, Self, Evo} (curse)
rNeg    + + .      Spirit   .   (body armour currently unavailable)
rPois   ∞          Reflect  +   K - +0 hat of the Sidereal Augur {rPois Slay+6, Melee, Evo} (curse)
rElec   +          Harm     .   W - +2 cloak "Chained Portent" {Will+, Range, Melee} (curse)
rCorr   .          Rampage  .   (gloves currently unavailable)
Will    +++..      Clarity  +   (boots unavailable)
Stlth   +++.......              P - amulet "Visionary of Ashenzari" {Reflect SH+5, Evo, Cun} (curse)
HPRegen 0.45/turn               (no ring)
MPRegen 0.00/turn               k - ring of the Octopus King {Wiz HP+2 AC+2 EV+2 SH+2, Self, Evo} (curse)

@: about to teleport, statue-form, flying, very slow
A: slow and powerful, torment resistance 1, flying, boosted hp, sickness
immunity, fire resistance 2, cold vulnerability 1, float, innate caster, HP
casting, extra vitality 1, clarity, weak 1, MP-powered wands
}: 2/15 runes: barnacled, gossamer
a: End Transformation, Renounce Religion, Shatter the Chains


You were on level 4 of the Vaults.
You worshipped Ashenzari.
Ashenzari was extremely pleased with you.
You were a living statue of rough stone.
You visited 7 branches of the dungeon, and saw 36 of its levels.
You also visited: Ossuary, Bailey, Ice Cave and Volcano.

You collected 4292 gold pieces.
You spent 1983 gold pieces at shops.

Inventory:

Hand Weapons
 b - the cursed +7 sling "Distant Affliction" (weapon) {vorpal, Range, Evo}
   (You took it off an orc warrior in a bailey)

   Any ammunition fired from it inflicts extra damage upon your enemies.
   It has a curse which improves the following skills: Ranged Combat: Ranged
   Weapons and Throwing.
   Evocations: Evocations.
Missiles
 d - a throwing net
Armour
 t - the cursed +1 pair of gloves "Ruined With Me" (melded) {Fort, Range}
   (You found it on level 4 of the Dungeon)

   It has a curse which improves the following skills: Fortitude: Armour and
   Shields.
   Ranged Combat: Ranged Weapons and Throwing.
 E - the cursed +2 robe of Ashenzari's Stickiness (melded) {Will+, Melee, Fort}
   (You took it off an orc wizard on level 5 of the Dungeon)

   It has a curse which improves the following skills: Melee Combat: Short
   Blades, Long Blades, Axes, Maces & Flails, Polearms, Staves and Unarmed
   Combat.
   Fortitude: Armour and Shields.
 I - the cursed +3 buckler of the Pangnostic Disgust (worn) {rN+, Self, Evo}
   (You found it on level 9 of the Dungeon)

   It has a curse which improves the following skills: Introspection: Fighting
   and Spellcasting.
   Evocations: Evocations.
 K - the cursed +0 hat of the Sidereal Augur (worn) {rPois Slay+6, Melee, Evo}
   (You acquired it in a bailey)

   Slay:      It affects your accuracy & damage with ranged weapons and melee
   (+6).
   rPois:     It protects you from poison.
   It has a curse which improves the following skills: Melee Combat: Short
   Blades, Long Blades, Axes, Maces & Flails, Polearms, Staves and Unarmed
   Combat.
   Evocations: Evocations.
 W - the cursed +2 cloak "Chained Portent" (worn) {Will+, Range, Melee}
   (You bought it in a shop on level 2 of the Orcish Mines)

   It has a curse which improves the following skills: Ranged Combat: Ranged
   Weapons and Throwing.
   Melee Combat: Short Blades, Long Blades, Axes, Maces & Flails, Polearms,
   Staves and Unarmed Combat.
Jewellery
 a - a ring of wizardry
 e - a ring of ice
 g - a ring of positive energy
 k - a cursed ring of the Octopus King (right fist) {Wiz HP+2 AC+2 EV+2 SH+2, Self, Evo}
   (You bought it in a shop on level 2 of the Orcish Mines)

   [ring of wizardry]

   It improves your spell success rate.
   AC:        It affects your AC (+2).
   EV:        It affects your evasion (+2).
   HP:        It affects your health (+2).
   SH:        It affects your SH (+2).
   It has a curse which improves the following skills: Introspection: Fighting
   and Spellcasting.
   Evocations: Evocations.
 m - a +4 ring of evasion
 n - an amulet of the acrobat
 B - a +6 ring of intelligence
 F - the amulet of Gluttony {rC+ Regen+}
   (You bought it in a shop on level 4 of the Vaults)

   [amulet of regeneration]

   rC:        It protects you from cold.
   Regen:     It increases your rate of health regeneration.
 P - the cursed amulet "Visionary of Ashenzari" (around neck) {Reflect SH+5, Evo, Cun}
   (You found it on level 14 of the Dungeon)

   [amulet of reflection]

   It reflects blocked missile attacks.
   SH:        It affects your SH (+5).
   It has a curse which improves the following skills: Evocations: Evocations.
   Cunning:   Dodging and Stealth.
Wands
 i - a wand of paralysis (27)
 p - a wand of roots (31)
 q - a wand of mindburst (7)
 y - a wand of digging (19)
 D - a wand of quicksilver (11)
 H - a wand of flame (48)
 V - a wand of polymorph (1)
Scrolls
 l - 15 scrolls of teleportation
 r - a scroll of enchant weapon
 s - 6 scrolls of magic mapping
 v - 7 scrolls of silence
 x - 9 scrolls of fear
 z - 6 scrolls of fog
 A - 7 scrolls of immolation
 C - a scroll of enchant armour
 N - 2 scrolls of poison
 S - 2 scrolls of summoning
 T - 6 scrolls of blinking
Potions
 c - 17 potions of curing
 f - 10 potions of might
 h - 8 potions of cancellation
 o - 11 potions of invisibility
 u - 3 potions of lignification
 G - 6 potions of haste
 L - 10 potions of resistance
 O - 5 potions of brilliance
 Q - 8 potions of ambrosia
Miscellaneous
 j - a box of beasts


   Skills:
 - Level 9.9(13.3) Fighting
 - Level 10.5(14.0) Short Blades
 - Level 5.0(8.3) Maces & Flails
 - Level 13.5(16.9) Ranged Weapons
 - Level 11.1 Armour
 + Level 21.2(23.2) Dodging
 - Level 2.0(3.7) Stealth
 - Level 3.6 Shields
 - Level 18.1(21.3) Spellcasting
 - Level 7.0(13.2) Evocations


You couldn't memorise any spells.
You knew the following spells:

 Your Spells              Type           Power      Damage    Failure   Level
a - Foxfire               Conj/Fire      100%       2x1d9     0%          1
b - Scorch                Fire           100%       2d10      0%          2
c - Conjure Flame         Conj/Fire      82%        6-21      0%          3
d - Inner Flame           Hex/Fire       82%        N/A       0%          3
e - Flame Wave            Conj/Fire      82%        2d18      0%          4
f - Summon Small Mammal   Summ           100%       N/A       0%          1
g - Blink                 Tloc           100%       N/A       0%          2
h - Call Canine Familiar  Summ           82%        N/A       0%          3
i - Anguish               Hex/Necr       41%        N/A       0%          4
j - Borgnjor's Vile Clut  Necr/Erth      41%        N/A       0%          5
k - Alistair's Intoxicat  Tmut/Pois      54%        N/A       0%          5
l - Statue Form           Tmut/Erth      54%        N/A       1%          6
m - Starburst             Conj/Fire      41%        6d12      1%          6
n - Haunt                 Necr/Summ      41%        N/A       1%          7
o - Monstrous Menagerie   Summ           41%        N/A       1%          7
p - Enfeeble              Hex            41%        N/A       1%          7
Your spell library was empty.

Dungeon Overview and Level Annotations

Branches:
Dungeon (15/15)            Temple (1/1) D:5            Lair (5/5) D:11
 Shoals (4/4) Lair:3       Spider (4/4) Lair:3        Slime (0/5) Lair:5
    Orc (2/2) D:12            Elf (0/3) Orc:2        Vaults (5/5) D:13
  Crypt (0/3) Vaults:3     Depths (0/4) D:15        Ossuary (visited)
 Bailey (visited)           IceCv (visited)         Volcano (visited)

Altars:
Ashenzari
Cheibriados
Dithmenos
Fedhas
Hepliaklqana
Okawaru
Qazlal
Ru
Uskayaw
Xom

Shops:
D:15 (   Orc:2 :[*(   Shoals:2 *   Shoals:3 =[[(   Vaults:3 [   Vaults:4 =

Portals:
Trove: Vaults:2 (give +3 gold dragon scales)

Annotations:
Lair:3 2 transporters, hbarley's ghost, journeyman HOFi
Lair:5 !goodies here, exclusion: obsidian statue
Spider:1 exclusion: radroach
Spider:3 3 runed translucent doors, Afraqoso's ghost, journeyman HOFi; Jucuhois's ghost, adept MiBe


Innate Abilities, Weirdness & Mutations

You are a living statue of rough stone.
Your actions are slow, but your melee attacks are powerful.
You are resistant to unholy torment.
You are flying.
Your maximum health is greatly increased.
Your equipment is partially melded.
You are immune to sickness and miasma.
You are immune to poison.
Your flesh is very heat resistant. (rF++)
You are vulnerable to cold. (rC-)
You float through the air rather than walking.
You learn spells naturally, not from books.
Your magical power is your life essence.
You have superior vitality. (+4 MHP)
You possess an exceptional clarity of mind.
You are weak. (Str -2)
You expend health (3 HP) to strengthen your wands.


Message History

The ancient lich touches your warg!
Casting: Call Canine Familiar (safe; 0% risk of failure)
Confirm with . or Enter, or press ? or * to list all spells.
Aiming: Borgnjor's Vile Clutch (safe; 0% risk of failure)
Press: ? - help, Shift-Dir - straight line, f - dread lich
Aim: a dread lich (lightly damaged, slightly transparent, 100% to hit)
Zombie hands grab the dread lich.
The zombie hands constrict the dread lich!
Your warg bites the ancient lich but does no damage.
The ancient lich barely misses your warg.
The dread lich casts a spell.
Your warg bites the ancient lich but does no damage.
The ancient lich touches your warg. The ancient lich drains your warg.
The dread lich struggles to escape constriction.
As you read the scroll of teleportation, it crumbles to dust.
You feel strangely unstable.
The zombie hands constrict the dread lich.
The ancient lich barely misses your warg.
Your warg bites the ancient lich.
The ancient lich touches your warg.
Your warg barely misses the ancient lich.
The dread lich struggles to escape constriction.
The reaper hits you from afar with a +6 scythe of distortion.
Space warps horribly around you!
The zombie hands constrict the dread lich, but do no damage.
The tormentor hits your warg but does no damage.
The tormentor barely misses your warg.
Your warg barely misses the ancient lich.
The dread lich escapes!
The tormentor hits your warg.
Your warg writhes in agony.
The tormentor hits your warg.
Your warg barely misses the tormentor.
The ancient lich gestures at you while chanting.
The bolt of acid hits you!!!
* * * LOW HITPOINT WARNING * * *
The tormentor hits your warg.
Your warg writhes in agony.
Your warg dies!
Your warg's corpse disappears in a puff of smoke!
The reaper shouts, "Die, om!"
The ancient lich casts a spell at you. The crystal spear hits you!!!
You die...

### #.........###########...'.#.#
..#####.......##########.)>)#....
..#######....##########.....#....
..#########..#########.....######
..##########'########.....#######
..'.............####.....########
..#.....#.#...>.###L....#########
..#.....#.#.....##..2..#######
..#...#.#####...8.Lp..#######
###...#.#.......#.2..####### ####
###.#######.###.#...####### #.#.
###.#...#.#.#...##############...
###.#.###.#####.#######..#####...
###.....#[.(#...#######..#####..~
###...#####.#...#######..#####..~
###.......#.....######....####..~
..#.....###...>.###........).'...


You could see an ancient lich (fast), a dread lich (invisible), a reaper
(summoned), a vault guard and a tormentor (summoned).

Vanquished Creatures
  Mara (Shoals:4)
  A shard shrike (IceCv)
  A tentacled monstrosity (Vaults:4)
  Kirke (D:13)
  9 emperor scorpions
  2 orc warlords
  3 ghost moths
  5 vault wardens
  A broodmother (Spider:1)
  9 ironbound preservers
  2 stone giants
  8 ironbound thunderhulks
  6 very ugly things
  A white draconian (IceCv)
  10 dire elephants
  3 entropy weavers
  A spark wasp (Spider:2)
  A crystal guardian (Vaults:4)
  4 merfolk impalers
  An ettin (Vaults:3)
  2 deep elf high priests
  3 boulder beetles
  8 great orbs of eyes
  5 yaktaur captains
  A spriggan zombie (D:15)
  2 alligator snapping turtles
  10 hydras
  2 catoblepae
  A jorogumo (Spider:3)
  26 vault guards
  An ogre mage (D:15)
  16 centaur warriors
  Erica (D:11)
  A peacekeeper (Vaults:3)
  9 ironbound frosthearts
  A spriggan skeleton (D:15)
  5 radroaches
  2 merfolk aquamancers
  9 two-headed ogres
  8 death yaks
  2 tengu warriors
  4 orc high priests (Orc:2)
  A vampire mage (D:15)
  A spectral dire elephant (Lair:5)
  Nergalle (D:11)
  A sun demon (Volcano)
  A spectral death yak (Lair:5)
  A golden dragon zombie (D:15)
  A spectral anaconda (Lair:5)
  7 sea snakes
  10 pharaoh ants
  5 skeletal warriors
  3 steelbarb worms
  9 orb spiders
  15 deep trolls
  6 wizards
  14 harpies
  14 ironbound convokers
  3 deep elf pyromancers
  5 necromancers
  6 lindwurms
  2 phantasmal warriors
  A frost giant zombie (Vaults:2)
  23 wolf spiders
  12 manticores
  7 fauns
  7 orc knights
  6 orc sorcerers
  22 ugly things
  An oklob plant (Lair:4)
  4 cyclopes
  17 elephants
  10 black mambas
  2 moths of wrath
  3 water nymphs
  6 merfolk sirens
  5 torpor snails
  11 cane toads
  A gargoyle (D:11)
  An eye of devastation (shapeshifter) (Vaults:4)
  9 vault sentinels
  2 orange demons (D:14)
  An elf skeleton (Vaults:2)
  Psyche (D:8)
  18 rime drakes
  11 komodo dragons
  22 yaktaurs
  2 kobold demonologists
  An efreet (D:15)
  14 demonic crawlers
  A red devil (Volcano)
  A yaktaur skeleton (Vaults:2)
  7 trolls
  29 merfolk
  Grinder (D:4)
  6 meliai
  16 polar bears (IceCv)
  31 tarantellas
  A hornet (D:10)
  7 blink frogs
  29 slime creatures
  A spectral elephant (Lair:5)
  6 snapping turtles
  6 wind drakes
  23 jumping spiders
  12 dream sheep
  26 culicivoras
  A shadow (D:12)
  13 water elementals
  4 wraiths
  3 wyverns (Lair:3)
  11 fire bats (Volcano)
  A hog (shapeshifter) (D:14)
  6 hogs (D:13)
  9 humans (D:13)
  50 yaks
  3 basilisks
  Grum (Lair:1)
  A redback simulacrum (D:15)
  15 vampire mosquitoes
  37 redbacks
  2 spectral cane toads (Lair:5)
  2 wargs (Orc:2)
  A glowing shapeshifter zombie (Vaults:2)
  14 water moccasins
  A hell hound (Volcano)
  An ogre skeleton (Vaults:2)
  Duvessa (D:4)
  64 orc warriors
  An acid dragon (D:13)
  3 black bears
  2 ice beasts
  14 wolves
  9 centaurs
  17 ogres
  A phantom (D:6)
  An elephant skeleton (Lair:5)
  4 kobold brigands
  13 bullfrogs
  8 scorpions
  A wight (D:9)
  A troll zombie (Ossuary)
  2 elephant simulacra (Lair:5)
  Dowan (D:4)
  25 killer bees
  A tengu skeleton (D:15)
  18 electric eels
  A howler monkey (D:9)
  7 lava snakes (Volcano)
  2 centaur zombies (Ossuary)
  2 jellies (D:6)
  36 orc priests
  3 hounds (D:5)
  A gnoll bouda (D:5)
  3 iguanas
  23 orc wizards
  An ogre zombie (Ossuary)
  7 mummies (Ossuary)
  Robin (D:4)
  14 gnolls
  6 adders
  A shadow imp (D:6)
  A white imp (D:6)
  An ufetubus (D:5)
  2 adder zombies (Ossuary)
  6 worms
  4 dart slugs
  124 orcs
  A ball python (shapeshifter) (Vaults:3)
  3 endoplasms
  5 giant cockroaches
  20 goblins
  12 hobgoblins
  3 jackals (D:1)
  3 quokkas
  8 ball pythons
  3 bats
  2 frilled lizards (D:2)
  A gnoll zombie (Ossuary)
  4 goblin zombies (Ossuary)
  2 hobgoblin zombies (Ossuary)
  12 kobolds
  5 kobold zombies (Ossuary)
  4 quokka zombies (Ossuary)
  7 rats
  3 rat zombies (Ossuary)
1425 creatures vanquished.

Vanquished Creatures (collateral kills)
  Bai Suzhen (Shoals:4)
  Asterion (Spider:4)
  Jorgrun (Shoals:3)
  2 sphinxes
  Polyphemus (Shoals:2)
  Roxanne (Shoals:3)
  5 vault wardens
  An emperor scorpion (Spider:4)
  A ghost moth (Spider:4)
  A war gargoyle (Vaults:4)
  4 very ugly things
  4 ironbound preservers
  2 ironbound thunderhulks (Vaults:3)
  An entropy weaver (Spider:4)
  A crystal guardian (Vaults:4)
  3 merfolk impalers
  2 vault guards
  4 yaktaur captains
  4 merfolk javelineers (Shoals:4)
  Harold (D:9)
  A catoblepas (Shoals:2)
  A boulder beetle (Vaults:3)
  6 merfolk avatars
  A peacekeeper (Vaults:4)
  3 ironbound frosthearts (Vaults:4)
  A two-headed ogre (D:9)
  3 centaur warriors
  2 alligator snapping turtles
  2 merfolk aquamancers
  4 death yaks (Shoals:2)
  A spectral death yak (Lair:5)
  4 sea snakes
  A steelbarb worm (Spider:4)
  6 deep trolls
  4 ironbound convokers
  A deep elf pyromancer (D:14)
  A phantasmal warrior (Vaults:4)
  2 wizards (Vaults:4)
  11 harpies
  An ugly thing (Vaults:4)
  6 manticores
  8 fauns
  2 cyclopes
  6 merfolk sirens
  Maurice (Orc:1)
  3 water nymphs
  4 vault sentinels
  A kobold demonologist (D:9)
  4 yaktaurs (Vaults:1)
  9 merfolk
  4 wind drakes
  A slime creature (Vaults:1)
  3 dream sheep
  3 snapping turtles
  2 water elementals (Shoals:1)
  2 redbacks
  2 vampire mosquitoes (D:11)
  An orc warrior (Orc:1)
  An electric eel (D:12)
  A centaur zombie (Ossuary)
  2 orc priests (Orc:1)
  3 orc wizards
  An adder zombie (Ossuary)
  2 orcs (Orc:1)
  A gnoll zombie (Ossuary)
  A goblin zombie (Ossuary)
  A kobold zombie (Ossuary)
  A foxfire (D:6)
173 creatures vanquished.

Vanquished Creatures (others)
  A vault warden (Vaults:2)
  Nessos (D:13)
  A vault guard (Vaults:5)
  A radroach (Spider:1)
  The ghost of nshep25 the Basher, a novice MiFi of Okawaru (Orc:1)
  3 centaur warriors (Vaults:2)
  Urug (D:10)
  Lodul (D:11)
  An ironbound convoker (Vaults:4)
  2 orc knights
  A yaktaur (Vaults:1)
  A polar bear (IceCv)
  A culicivora (Spider:1)
  A human (D:13)
  A vampire mosquito (D:13)
  An electric eel (D:13)
  An orc priest (Vaults:1)
  6 bushes (Lair:3)
  575 foxfires
  31 fungi
  338 plants
  35 withered plants
1005 creatures vanquished.

Grand Total: 2603 creatures vanquished

Notes
Turn   | Place    | Note
-------+----------+-------------------------------------------
     0 | D:1      | om the Djinni Fire Elementalist began the quest for the
                  | Orb.
     0 | D:1      | om set off with the following spells memorised: Foxfire,
                  | Scorch, Conjure Flame, Inner Flame, Flame Wave.
     0 | D:1      | Reached XP level 1. HP: 15/15 MP: 0/0
   119 | D:1      | Reached XP level 2. HP: 13/21 MP: 0/0
   573 | D:1      | Reached XP level 3. HP: 19/25 MP: 0/0
   573 | D:1      | Learned a level 1 spell: Summon Small Mammal
  1489 | D:2      | Reached XP level 4. HP: 27/31 MP: 0/0
  1526 | D:2      | Found a faded altar of an unknown god.
  2772 | D:3      | Reached XP level 5. HP: 29/35 MP: 0/0
  2772 | D:3      | Learned a level 2 spell: Blink
  3946 | D:3      | Reached skill level 1 in Fighting
  4296 | D:4      | Noticed Grinder
  4301 | D:4      | Paralysed by Grinder for 5 turns
  4312 | D:4      | Killed Grinder
  4313 | D:4      | Reached skill level 3 in Dodging
  4313 | D:4      | Reached XP level 6. HP: 13/46 MP: 0/0
  4313 | D:4      | Reached XP level 7. HP: 15/50 MP: 0/0
  4313 | D:4      | Learned a level 3 spell: Call Canine Familiar
  4841 | D:4      | Noticed Robin
  4853 | D:4      | Killed Robin
  4962 | D:4      | Noticed Dowan
  4975 | D:4      | Killed Dowan
  4976 | D:4      | Reached skill level 5 in Spellcasting
  4976 | D:4      | Noticed Duvessa
  4981 | D:4      | Killed Duvessa
  6167 | D:5      | Entered Level 5 of the Dungeon
  6235 | D:5      | Found a staircase to the Ecumenical Temple.
  6241 | Temple   | Entered the Ecumenical Temple
  6478 | Temple   | Became a worshipper of Ashenzari the Shackled
  6621 | D:5      | Found a sand-covered staircase.
  6626 | Ossuary  | Entered an ossuary
  6637 | Ossuary  | Reached XP level 8. HP: 18/56 MP: 0/0
  8647 | D:6      | Reached XP level 9. HP: 53/61 MP: 0/0
  8647 | D:6      | Learned a level 4 spell: Anguish
  8883 | D:6      | Reached skill level 4 in Dodging
  9827 | D:6      | Reached XP level 10. HP: 66/70 MP: 0/0
 10254 | D:7      | Reached skill level 1 in Short Blades
 10728 | D:7      | Reached skill level 5 in Fighting
 11876 | D:8      | Noticed Psyche
 11888 | D:8      | Killed Psyche
 12389 | D:9      | Noticed a kobold demonologist
 12396 | D:9      | Killed a kobold demonologist
 12397 | D:9      | Reached skill level 5 in Short Blades
 12573 | D:9      | Noticed a two-headed ogre
 12595 | D:9      | Killed a two-headed ogre
 12815 | D:9      | Reached XP level 11. HP: 63/76 MP: 0/0
 12815 | D:9      | Learned a level 5 spell: Borgnjor's Vile Clutch
 13138 | D:9      | Reached skill level 5 in Dodging
 13404 | D:9      | Found a hazy altar of Hepliaklqana.
 13626 | D:9      | Reached * piety under Ashenzari
 13660 | D:9      | Reached skill level 6 in Dodging
 13883 | D:9      | Noticed Harold
 13883 | D:9      | Paralysed by Harold for 4 turns
 13893 | D:9      | Killed Harold
 14170 | D:10     | Entered Level 10 of the Dungeon
 14174 | D:10     | Identified the +8 war axe "Uxoyn" {speed, rF- rN+ Dex+2}
 14187 | D:10     | Reached skill level 7 in Dodging
 14325 | D:10     | Found a flagged portal.
 14337 | Bailey   | Entered a bailey
 14910 | Bailey   | Reached skill level 10 in Spellcasting
 15162 | Bailey   | Identified a scroll of acquirement
 15340 | Bailey   | Noticed an orc sorcerer
 15470 | Bailey   | Found an iron altar of Okawaru.
 15483 | Bailey   | Gained mutation: You have hidden genetic potential. [a
                  | neqoxec]
 15490 | Bailey   | Gained mutation: You are weak. (Str -2) [a neqoxec]
 15500 | Bailey   | Noticed a soul eater
 15500 | Bailey   | Killed an orc sorcerer
 15501 | Bailey   | Reached skill level 8 in Dodging
 15868 | Bailey   | Acquired the +0 hat of the Enchanted Forest {rPois Slay+6}
 15880 | Bailey   | Reached ** piety under Ashenzari
 16274 | D:10     | Found a snail-covered altar of Cheibriados.
 16488 | D:10     | Reached XP level 12. HP: 71/85 MP: 0/0
 16758 | D:10     | Reached skill level 1 in Shields
 16993 | D:10     | Noticed Urug
 17000 | D:10     | Killed Urug
 17518 | D:11     | Found a staircase to the Lair.
 17536 | D:11     | Reached *** piety under Ashenzari
 18010 | D:11     | Noticed Erica
 18023 | D:11     | Killed Erica
 18181 | D:11     | Noticed Lodul
 18435 | D:11     | Noticed a two-headed ogre
 18439 | D:11     | Killed a two-headed ogre
 18693 | D:11     | Killed Lodul
 18694 | D:11     | Reached skill level 1 in Armour
 18694 | D:11     | Reached skill level 1 in Evocations
 19430 | D:11     | Noticed Nergalle
 19437 | D:11     | Killed Nergalle
 19965 | D:12     | Noticed a centaur warrior
 20294 | D:12     | Killed a centaur warrior
 20300 | D:11     | Reached skill level 10 in Short Blades
 20300 | D:11     | Reached XP level 13. HP: 22/94 MP: 0/0
 20300 | D:11     | Learned a level 5 spell: Alistair's Intoxication
 20686 | D:12     | Noticed a seven-headed hydra
 20700 | D:12     | Killed a seven-headed hydra
 21703 | D:12     | Found a staircase to the Orcish Mines.
 22657 | D:13     | Noticed a five-headed hydra
 22664 | D:13     | Killed a five-headed hydra
 22680 | D:13     | Gained mutation: You possess an exceptional clarity of
                  | mind. [hidden potential]
 22752 | D:13     | Noticed Nessos
 22759 | D:13     | Killed Nessos
 23609 | D:13     | Noticed a catoblepas
 23610 | D:13     | Reached skill level 1 in Ranged Weapons
 23650 | D:13     | Killed a catoblepas
 24262 | D:13     | Noticed a six-headed hydra
 24271 | D:13     | Killed a six-headed hydra
 24452 | D:13     | Noticed a seven-headed hydra
 24463 | D:13     | Killed a seven-headed hydra
 24636 | D:13     | Noticed Kirke
 25195 | D:13     | Killed Kirke
 25399 | D:13     | Noticed a centaur warrior
 25432 | D:13     | Noticed a five-headed hydra
 25439 | D:13     | Killed a centaur warrior
 25442 | D:13     | Killed a five-headed hydra
 25443 | D:13     | Reached XP level 14. HP: 37/103 MP: 0/0
 26705 | D:13     | Found a gate to the Vaults.
 26976 | D:14     | Reached skill level 5 in Ranged Weapons
 27198 | Lair:1   | Entered Level 1 of the Lair of Beasts
 27436 | Lair:1   | Gained mutation: You expend health (3 HP) to strengthen
                  | your wands. [hidden potential]
 27436 | Lair:1   | Lost mutation: You have hidden genetic potential. [hidden
                  | potential expressed]
 27750 | Lair:1   | Reached **** piety under Ashenzari
 27934 | Lair:1   | Noticed Grum
 27942 | Lair:1   | Killed Grum
 28323 | Lair:2   | Identified the +0 robe of Kleptomania {rF++ Dex+7 Stlth-}
 29828 | Lair:3   | Reached skill level 5 in Evocations
 30166 | Lair:3   | Found a staircase to the Shoals.
 30265 | Lair:3   | Noticed hbarley's ghost (journeyman HOFi)
 30338 | Lair:3   | Identified the Cyclopedia of Calling
 30356 | Lair:3   | Found a transporter.
 30356 | Lair:3   | Found a transporter.
 30618 | Lair:3   | Found a hole to the Spider Nest.
 31256 | Lair:4   | Reached XP level 15. HP: 95/109 MP: 0/0
 31256 | Lair:4   | Learned a level 6 spell: Statue Form
 31828 | Lair:4   | Identified the cursed +1 pair of gloves "Ruined With Me"
                  | {Fort, Range} (You found it on level 4 of the Dungeon)
 31828 | Lair:4   | Identified the cursed +2 robe of Ashenzari's Stickiness
                  | {Will+, Melee, Fort} (You took it off an orc wizard on
                  | level 5 of the Dungeon)
 33082 | Orc:1    | Entered Level 1 of the Orcish Mines
 33082 | Orc:1    | Noticed Maurice
 33094 | Orc:1    | Killed Maurice
 33305 | Orc:1    | Identified the +5 triple sword "Ducipsuv" {vorpal, Drain
                  | Fly Str+2 Dex+6}
 33305 | Orc:1    | Noticed nshep25's ghost (novice MiFi)
 33309 | Orc:1    | Found a transporter.
 33354 | Orc:1    | Found a transporter.
 33404 | Orc:1    | Killed nshep25's ghost
 33767 | Orc:2    | Entered Level 2 of the Orcish Mines
 34462 | Orc:2    | Reached skill level 10 in Ranged Weapons
 34991 | Orc:2    | Found a staircase to the Elven Halls.
 35170 | Orc:2    | Noticed an orc warlord
 35240 | Orc:2    | Killed an orc warlord
 35501 | Orc:2    | Reached ***** piety under Ashenzari
 36064 | Orc:2    | Found Naid's Weapon Emporium.
 36142 | Orc:2    | Found Boaprecw's Assorted Antiques.
 36150 | Orc:2    | Bought a ring of the Octopus King for 160 gold pieces
 36150 | Orc:2    | Found the ring of the Octopus King {Wiz HP+2 AC+2 EV+2
                  | SH+2}
 36150 | Orc:2    | Found the ring of the Octopus King {Wiz HP+2 AC+2 EV+2
                  | SH+2}
 36150 | Orc:2    | Bought a runed cloak for 240 gold pieces
 36150 | Orc:2    | Bought 2 potions of curing for 192 gold pieces
 36150 | Orc:2    | Bought a scroll of blinking for 240 gold pieces
 36248 | Orc:2    | Found Weklaor's Book Emporium.
 36327 | Orc:2    | Found Tihog's Antique Armour Shoppe.
 37690 | D:14     | Reached XP level 16. HP: 88/114 MP: 0/0
 38994 | D:14     | Reached skill level 9 in Dodging
 39084 | D:15     | Entered Level 15 of the Dungeon
 40248 | D:15     | Found a staircase to the Depths.
 40623 | D:15     | Reached skill level 5 in Armour
 40791 | D:15     | Found a hide-covered altar of Uskayaw.
 40896 | D:15     | Found Gytigaom's Weapon Emporium.
 41247 | Lair:5   | Entered Level 5 of the Lair of Beasts
 41276 | Lair:5   | Found a dark tunnel.
 41283 | Volcano  | Entered a volcano
 41519 | Volcano  | Reached skill level 10 in Dodging
 41989 | Lair:5   | Reached ****** piety under Ashenzari
 42631 | Lair:5   | Found a staircase to the Slime Pits.
 42858 | Lair:5   | Reached skill level 11 in Dodging
 43076 | Lair:5   | Reached XP level 17. HP: 92/127 MP: 0/0
 43076 | Lair:5   | Learned a level 6 spell: Starburst
 44285 | Spider:1 | Entered Level 1 of the Spider Nest
 44295 | Spider:1 | Found a frozen archway.
 44364 | IceCv    | Entered an ice cave
 45791 | IceCv    | HP: 6/131 [ironbound frostheart/creeping frost (24)]
 46423 | IceCv    | Noticed a shard shrike
 47228 | IceCv    | Killed a shard shrike
 47369 | Lair:3   | Reached skill level 1 in Maces & Flails
 48947 | Spider:2 | Reached XP level 18. HP: 104/136 MP: 0/0
 51718 | Spider:2 | Reached skill level 5 in Maces & Flails
 53294 | Spider:3 | Noticed Afraqoso's ghost (journeyman HOFi)
 53295 | Spider:3 | Found a runed translucent gate.
 53296 | Spider:3 | Found a runed translucent gate.
 53296 | Spider:3 | Found a runed translucent gate.
 53296 | Spider:3 | Noticed Jucuhois's ghost (adept MiBe)
 53576 | Spider:4 | Entered Level 4 of the Spider Nest
 53583 | Spider:4 | Reached skill level 10 in Armour
 54586 | Spider:4 | Noticed Asterion
 54686 | Spider:4 | Noticed an Executioner
 55701 | Spider:4 | Reached XP level 19. HP: 143/143 MP: 0/0
 55701 | Spider:4 | Learned a level 7 spell: Haunt
 55710 | Spider:4 | Killed Asterion
 56090 | Spider:4 | Reached skill level 15 in Spellcasting
 56090 | Spider:4 | Reached XP level 20. HP: 149/149 MP: 0/0
 56978 | Spider:4 | Got a gossamer rune of Zot
 57413 | Shoals:1 | Entered Level 1 of the Shoals
 58153 | Shoals:1 | Reached skill level 12 in Dodging
 59277 | Shoals:2 | Noticed Polyphemus
 59848 | Shoals:2 | Killed Polyphemus
 60885 | Shoals:2 | Found Tekith's General Store.
 60893 | Shoals:2 | Bought a wand of flame (9) for 119 gold pieces
 60893 | Shoals:2 | Bought a potion of invisibility for 152 gold pieces
 61189 | Shoals:3 | Noticed Jorgrun
 61655 | Shoals:3 | Reached skill level 13 in Dodging
 62154 | Shoals:3 | Reached XP level 21. HP: 113/155 MP: 0/0
 62154 | Shoals:3 | Learned a level 7 spell: Monstrous Menagerie
 62190 | Shoals:3 | Identified Roxanne's Textbook on the Ground
 62190 | Shoals:3 | Noticed Roxanne
 62206 | Shoals:3 | Killed Roxanne
 62517 | Shoals:3 | Killed Jorgrun
 62665 | Shoals:3 | Found Lafabluj's Armour Shop.
 62711 | Shoals:3 | Found Purud's Jewellery Emporium.
 62976 | Shoals:3 | Found Renomouff's Weapon Shoppe.
 62976 | Shoals:3 | Found Vypatt's Antique Armour Shop.
 63248 | Shoals:4 | Entered Level 4 of the Shoals
 64284 | Shoals:4 | Noticed Mara
 64296 | Shoals:4 | Noticed om's illusion
 64653 | Shoals:4 | Noticed om's illusion
 64668 | Shoals:4 | Killed Mara
 64769 | Shoals:4 | Noticed Bai Suzhen
 64778 | Shoals:4 | Killed Bai Suzhen
 64833 | Shoals:4 | Reached skill level 14 in Dodging
 66059 | Shoals:4 | Identified the +8 scimitar of the Grave {vorpal, +Blink}
 66098 | Shoals:4 | Got a barnacled rune of Zot
 66725 | Vaults:1 | Entered Level 1 of the Vaults
 68223 | Vaults:1 | Reached skill level 15 in Dodging
 68475 | Vaults:1 | Reached XP level 22. HP: 161/161 MP: 0/0
 70001 | Vaults:2 | Found a portal to a secret trove of treasure.
 70130 | Vaults:2 | Identified the +0 helmet "Eraabb" {Int+4}
 70292 | Vaults:2 | Reached skill level 16 in Dodging
 71397 | Vaults:2 | Reached skill level 17 in Dodging
 72742 | Vaults:3 | Found a staircase to the Crypt.
 73606 | Vaults:3 | Reached skill level 18 in Dodging
 74626 | Vaults:3 | Found Ygoadekh's Armour Emporium.
 74640 | Vaults:3 | Reached XP level 23. HP: 166/166 MP: 0/0
 74640 | Vaults:3 | Learned a level 7 spell: Enfeeble
 75087 | Vaults:4 | Reached skill level 19 in Dodging
 75495 | Vaults:4 | Identified the +2 spear "Sarphile" {spect, rF+}
 75670 | Vaults:4 | Reached skill level 20 in Dodging
 76689 | Vaults:4 | Found Zyuhaph's Jewellery Shop.
 76697 | Vaults:4 | Bought the amulet of Gluttony {rC+ Regen+} for 880 gold
                  | pieces
 77368 | Vaults:5 | Entered Level 5 of the Vaults
 77368 | Vaults:5 | Noticed an ancient lich
 77368 | Vaults:5 | Noticed a dread lich
 77374 | Vaults:5 | Reached skill level 21 in Dodging
 77384 | Vaults:4 | Killed from afar by an ancient lich

Illustrated notes

Levels and vault maps discovered:
D:1:      onia_arrival_mini_maze_b, layout_loops_ring, minmay_misc_feat_pillars,
          minmay_small_reverse_x
D:2:      layout_basic, basic_altar, shapermc_ecumenical_altar_acropolis
D:3:      corexii_shack_village, layout_rooms
D:4:      layout_layer_cave, uniq_grinder, uniq_duvessa, uniq_robin
D:5:      layout_loops_ring, minmay_temple_entry_fiery,
          nicolae_ossuary_entry_false_entrances
D:6:      layout_rooms, chequers_big_river
D:7:      layout_basic
D:8:      layout_gridville, uniq_psyche
D:9:      layout_irregular_city, mainiacjoe_overflow_alcove_4, st_stairs_8,
          uniq_harold
D:10:     layout_basic, kennysheep_slug_shrine, enter_bailey_2, uniq_urug
D:11:     layout_basic, lair_entry_dummy, hangedman_decor_slide_cut, uniq_erica,
          uniq_nergalle, uniq_lodul
D:12:     layout_basic, orc_david_3
D:13:     layout_basic, ximxim_vaults_locker_room, lemuel_flamethrower_2,
          uniq_nessos, uniq_kirke
D:14:     minmay_the_grid_four_pointed_star
          [minmay_the_grid_triangle_9x9_swiss_cheese,
          minmay_the_grid_triangle_9x9_checkered,
          minmay_the_grid_triangle_9x9_wacky_v,
          minmay_the_grid_triangle_9x9_windchime,
          minmay_the_grid_prize_inner_circle], layout_loops_cross,
          serial_bayou_pond_a, einodemon_barbed_minivault
D:15:     gammafunk_depths_entry_grave, layout_long_grid,
          nicolae_uskayaw_dance_hall, serial_shops,
          nicolae_shop_bloodbath_and_beyond
Temple:   mainiacjoe_temple_big_plus
Lair:1:   layout_chaotic_city, grunt_megastairs_1, uniq_grum
Lair:2:   layout_cave_pods, serial_bayou_shore_b, grunt_megastairs_2,
          lemuel_fruit_tree
Lair:3:   layout_roguey, shoals_dummy_entry, spider_nest_entry_funnel_web,
          gammafunk_ghost_abyssal_escape, grunt_forest_large_clearing_hut
Lair:4:   layout_layer_cave, minmay_shattered_shrine,
          infiniplex_staircase_pool_2
Lair:5:   due_jungle_book, layout_long_grid, slime_entry_1, enter_volcano_2
Shoals:1: layout_shoals
Shoals:2: layout_shoals, serial_shops, shop, uniq_polyphemus
Shoals:3: layout_shoals, serial_shops, shop_coins, shop, nicolae_diamond_shop,
          nicolae_shop_stone, uniq_jorgrun, uniq_roxanne
Shoals:4: shoals_end_grunt_garden, layout_shoals, uniq_mara, uniq_bai_suzhen
Spider:1: layout_spider_delve, portal_ice_cave_entry_pillars_four, drop_trap,
          nicolae_spider_bug_shape
Spider:2: layout_chambers, nicolae_crawler_farm, nicolae_spider_cling_halls
Spider:3: layout_spider_delve, gammafunk_ghost_cemetery
Spider:4: grunt_spider_rune_circles, hellmonk_test_site, uniq_asterion
Orc:1:    layout_caves, gammafunk_ghost_arena, minmay_orc_temple_a, uniq_maurice
Orc:2:    pubby_orc_utopia, serial_shops
Vaults:1: v_misc_2, nicolae_vaults_asterisk, nicolae_vaults_network_square,
          nicolae_vaults_network_barrier, nicolae_vaults_big_ls,
          nicolae_vaults_what_the_h, vaults_room_octagon, vaults_dpeg_ring,
          special_room_vaults [special_room_orc],
          nicolae_vaults_diagonal_hallway_7,
          nicolae_vaults_windows_and_doors_thing, vaults_room_door_ring,
          vaults_dpeg_hooks, grunt_vaults_focal, layout_vaults_ring
Vaults:2: hangedman_vaults_stream, v_misc_1, ontoclasm_vaults_idyll,
          vaults_room_pool, v_misc_16, v_misc_27, hangedman_vaults_slice,
          layout_vaults_omnigrid, nicolae_trove_entry_columns
Vaults:3: nicolae_vaults_network_quincunx
          [nicolae_vaults_network_quincunx_subvault,
          nicolae_vaults_network_quincunx_subvault,
          nicolae_vaults_network_quincunx_subvault,
          nicolae_vaults_network_quincunx_subvault,
          nicolae_vaults_network_quincunx_subvault], hangedman_vaults_slither,
          v_misc_24, nicolae_vaults_minivaults, vaults_room_pool,
          hangedman_vaults_maws, v_misc_12, ontoclasm_vaults_shuriken,
          hangedman_vaults_impose, vaults_room_hallway, dpeg_vaults_monster_box,
          ontoclasm_vaults_chip, layout_vaults_big_cross
Vaults:4: dpeg_vaults_monster_row, hangedman_vaults_impose,
          ontoclasm_vaults_idyll, vaults_dpeg_cross, v_alt_pattern_6,
          st_lattice, nicolae_vaults_diagonal_hallway_9, ontoclasm_vaults_spin,
          ontoclasm_vaults_gateway, nicolae_vaults_network_star, v_misc_17,
          nicolae_vaults_diagonal_hallway_9, vaults_mumra_minichess,
          nicolae_vaults_specimen_jars, ontoclasm_vaults_misaligned,
          layout_vaults_omnibox, serial_shops, nicolae_shop_waterfront
Vaults:5

Skill      XL: |  1  2  3  4  5  6  7  8  9 10 11 12 13 14 15 16 17 18 19 20 21 22 23 |
---------------+----------------------------------------------------------------------+-----
Spellcasting   | 3 4 6 7 9 10 12 13 14 15 16 17 18 | 18.1
Stealth        | 2 |  2.0
Fighting       | 3 4 5 6 7 8 9 |  9.9
Dodging        | 3 4 8 11 13 15 18 21 | 21.2
Short Blades   | 6 8 10 | 10.5
Shields        | 3 |  3.6
Armour         | 1 8 9 10 11 | 11.1
Evocations     | 2 5 7 |  7.0
Ranged Weapons | 4 8 11 12 13 | 13.5
Maces & Flails | 2 5 |  5.0

Action                   |  1- 3 |  4- 6 |  7- 9 | 10-12 | 13-15 | 16-18 | 19-21 | 22-24 || total
-------------------------+-------+-------+-------+-------+-------+-------+-------+-------++-------
Melee: Unarmed           |     4 |       |       |       |       |       |       |       ||     4
       Dagger            |       |    22 |    71 |    61 |    12 |       |       |       ||   166
       Staff             |       |    10 |       |       |       |       |       |       ||    10
       Punch             |       |       |     1 |     1 |       |       |       |       ||     2
 Fire: Sling             |       |       |       |       |   779 |   910 |   544 |   366 ||  2599
 Cast: Foxfire           |    49 |    62 |    91 |    77 |    37 |    19 |       |       ||   335
       Scorch            |       |    32 |   103 |    74 |    74 |   200 |    19 |       ||   502
       Conjure Flame     |       |     2 |    18 |    31 |    87 |    57 |     6 |     4 ||   205
       Blink             |       |     1 |       |     3 |       |     3 |       |       ||     7
       Call Canine Famil |       |       |     2 |     8 |     8 |     4 |     4 |     4 ||    30
       Anguish           |       |       |     2 |    12 |    21 |    12 |     4 |     3 ||    54
       Flame Wave        |       |       |     1 |     8 |     6 |    13 |     2 |       ||    30
       Inner Flame       |       |       |       |    26 |    32 |    18 |       |     1 ||    77
       Summon Small Mamm |       |       |       |     1 |       |     1 |       |     2 ||     4
       Borgnjor's Vile C |       |       |       |    95 |   150 |   213 |   155 |   149 ||   762
       Alistair's Intoxi |       |       |       |       |     2 |       |       |       ||     2
       Statue Form       |       |       |       |       |     2 |     5 |    19 |    81 ||   107
       Starburst         |       |       |       |       |       |    27 |    15 |    10 ||    52
       Haunt             |       |       |       |       |       |       |   142 |    61 ||   203
       Monstrous Menager |       |       |       |       |       |       |    16 |    13 ||    29
       Enfeeble          |       |       |       |       |       |       |       |    10 ||    10
Invok: Curse Item        |       |       |     1 |     3 |     3 |     3 |       |       ||    10
       Shatter the Chain |       |       |       |       |     1 |       |       |     1 ||     2
Evoke: Wand              |       |       |       |       |       |     1 |     1 |       ||     2
  Use: Scroll            |       |     9 |    10 |     4 |     3 |     3 |       |     3 ||    32
       Potion            |       |     3 |     3 |     2 |     5 |     8 |     1 |     4 ||    26
 Stab: Sleeping          |       |     2 |     4 |       |       |       |       |       ||     6
Armor: Robe              |     6 |    16 |    14 |    23 |    52 |   117 |    33 |     9 ||   270
       Skin              |       |       |       |       |     1 |    14 |    17 |    55 ||    87
Dodge: Dodged            |     8 |    52 |    67 |   122 |   189 |   442 |   275 |   204 ||  1359
Block: Buckler           |       |       |       |    38 |    95 |   548 |   283 |   166 ||  1130
       Reflection        |       |       |       |       |       |    13 |    59 |    51 ||   123
